 Dungeon Crawl Stone Soup version 0.21-a0-153-g78480df (webtiles) character file.

3945 4thArraOfDagon the Carver (level 10, -6/67 HPs)
             Began as a Mummy Warper on Aug 1, 2017.
             Was an Initiate of Gozag.
             Killed by divine providence
             ... invoked by an orc priest
              (11 damage)
             ... on level 9 of the Dungeon.
             The game lasted 00:22:44 (10191 turns).

4thArraOfDagon the Carver (Mummy Warper)           Turns: 10191, Time: 00:22:46

Health: -6/67      AC: 11    Str: 16    XL:     10   Next: 2%
Magic:  14/14      EV: 13    Int: 15    God:    Gozag
Gold:   1250       SH:  0    Dex: 11    Spells: 14/14 levels left

rFire    . . .     SeeInvis .   A - +1 falchion (freeze)
rCold    . . .     Gourm    +   (no shield)
rNeg     + + +     Faith    .   t - +0 ring mail (curse)
rPois    ∞         Spirit   .   g - +1 helmet
rElec    .         Reflect  .   K - +0 cloak {+Inv}
rCorr    .         Harm     .   (no gloves)
MR       ++...                  s - +0 pair of boots
Stlth    +.........             i - amulet of the gourmand
HPRegen  0.21/turn              C - ring of protection from magic
MPRegen  0.14/turn              x - ring of fire

@: very slightly contaminated
A: no food or potions, fire vulnerability, cold resistance 1, negative energy
resistance 3, torment resistance, unbreathing
a: Potion Petition, Call Merchant, Bribe Branch, Renounce Religion, Evoke
Invisibility


You were on level 9 of the Dungeon.
You worshipped Gozag.
Gozag was most pleased with you.
You were not hungry.

You visited 1 branch of the dungeon, and saw 9 of its levels.

You collected 1322 gold pieces.
You paid 72 gold pieces to Gozag.

Inventory:

Hand Weapons
 a - a +0 falchion
 z - a +1 fustibalus of velocity
 A - a +1 falchion of freezing (weapon)
 B - a +0 scimitar
 L - a +3 falchion
Missiles
 e - 4 tomahawks of returning (quivered)
 w - 7 tomahawks
 E - 2 throwing nets
Armour
 b - a +0 leather armour
 g - a +1 helmet (worn)
 n - a +0 ring mail
 s - a +0 pair of boots (worn)
 t - a cursed +0 ring mail (worn)
 K - a +0 cloak of invisibility (worn)
Magical Staves
 j - an uncursed staff of power {unknown}
Jewellery
 i - an amulet of the gourmand (around neck)
 m - an uncursed ring of ice
 q - an uncursed ring of loudness
 v - an uncursed ring of wizardry
 x - a ring of fire (right hand)
 C - a ring of protection from magic (left hand)
 D - an uncursed ring of protection from cold
Wands
 h - a wand of confusion (0/48)
 r - a wand of scattershot (0/9)
 y - a wand of disintegration (4/24)
 G - a wand of clouds (0/9)
 I - a wand of digging (11/24)
 J - a wand of digging (12/24)
Scrolls
 f - 2 scrolls of fog
 k - 2 scrolls of immolation
 l - a scroll of recharging {unknown}
 o - a scroll of amnesia {unknown}
 p - 4 scrolls of enchant weapon {unknown}
 u - a scroll of brand weapon {unknown}
 F - 2 scrolls of remove curse
 H - a scroll of magic mapping {unknown}
Books
 c - a book of Spatial Translocations

   Spells                             Type                      Level
   a - Blink                          Translocation                2
   b - Shroud of Golubria             Charms/Translocation         2
   c - Lesser Beckoning               Translocation                3
   d - Gell's Gravitas                Translocation                3
   e - Teleport Other                 Translocation                3
   f - Passage of Golubria            Translocation                4


   Skills:
 - Level 2.0 Fighting
 * Level 8.8 Long Blades
 - Level 0.7 Throwing
 + Level 6.0 Armour
 + Level 6.1 Dodging
 - Level 2.7 Spellcasting
   Level 2.4 Translocations


You had 14 spell levels left.
You didn't know any spells.

Dungeon Overview and Level Annotations

Branches:
Dungeon (9/15)             Temple (0/1) D:4            Lair (0/6) D:9
    Orc: D:9-12

Altars:
Dithmenos
Elyvilon
Gozag
Hepliaklqana
Nemelex Xobeh
Ru
Sif Muna
Vehumet
Wu Jian
Yredelemnul
Zin

Shops:
D:4 *   D:7 :

Annotations:
D:8 Gastronok, Grum


Innate Abilities, Weirdness & Mutations

You do not eat or drink.
Your flesh is vulnerable to fire.
You are immune to poison.
Your flesh is cold resistant. (rC+)
You are immune to negative energy. (rN+++)
You are immune to unholy pain and torment.
You can survive without breathing.


Message History

Unknown command.
Unknown command.
Press: ? - help, v - describe, . - travel, g - get item The +2 cloak of the Thief {+Fog Slay-2 SInv Stlth+}.
The floor.
Unknown command.
Unknown command.
Blink to where?
Press: ? - help, Dir - move target cursor
As you read the scroll of blinking, it crumbles to dust.
A crocodile and a yak come into view.
The yak bellows!
The basilisk gazes at you. You resist with almost no effort.
Found 12 gold pieces.
Found a staircase to the Lair.
A gnoll comes into view. It is wielding a spear.
The orc priest invokes the aid of Beogh against you.
Beogh smites you!
You die...
Your body crumbles into a pile of gold.

... #.......P.
......#.........
......#.......Pg
......#..P....>.
...$..#P..t.....
.............♣
............♣...
..........P.....
.......@#.......$
.......<#.......
.........#..'♣...
#.........#..#..$.
#.........#t.#....
#........l#..######
#.........#u.......
#.........o.?......
#........o#...####.


You could see a basilisk, a crocodile and an orc priest.

Vanquished Creatures
  Pikel (D:6)
  Maurice (D:8)
  A hippogriff (D:7)
  2 water moccasins
  A slave (D:6)
  3 sky beasts
  2 orc warriors
  An ice beast (D:6)
  A phantom (D:5)
  4 ogres
  3 centaurs
  2 bullfrogs
  6 scorpions
  4 wights (D:8)
  A howler monkey (D:7)
  A crimson imp (D:7)
  A centaur zombie (D:7)
  3 hounds
  An orc priest (D:9)
  4 orc wizards
  A centaur skeleton (D:4)
  Natasha (twice) (D:4)
  An iguana (D:8)
  16 worker ants
  A hound zombie (D:5)
  A hound skeleton (D:4)
  3 gnolls
  12 adders
  A shadow imp (D:8)
  2 adder zombies
  An adder skeleton (D:4)
  A worm (D:6)
  3 dart slugs
  3 leopard geckos
  19 orcs
  3 bats
  10 giant cockroaches
  3 goblins
  8 hobgoblins
  10 jackals
  3 kobolds
  A quokka (D:8)
  2 ball pythons
  4 frilled lizards
  A jackal skeleton (D:4)
  A leopard gecko zombie (D:5)
  5 rats
  A spectral orc (D:6)
162 creatures vanquished.

Vanquished Creatures (others)
  2 slaves (D:6)
  An adder (D:6)
  A shadow imp (D:6)
  An orc (D:6)
  2 bushes (D:9)
  3 fungi (D:9)
  8 plants (D:9)
18 creatures vanquished.

Grand Total: 180 creatures vanquished

Notes
Turn   | Place    | Note
-------+----------+-------------------------------------------
     0 | D:1      | 4thArraOfDagon the Mummy Warper began the quest for the Orb.
     0 | D:1      | Reached XP level 1. HP: 16/16 MP: 4/4
    82 | D:3      | Reached skill level 2 in Long Blades
    82 | D:3      | Reached skill level 1 in Armour
    82 | D:3      | Reached XP level 2. HP: 9/22 MP: 5/5
   650 | D:4      | Noticed Natasha
   672 | D:3      | Found an opulent altar of Gozag.
   722 | D:3      | Reached XP level 3. HP: 23/27 MP: 7/7
  1202 | D:1      | Reached XP level 4. HP: 28/33 MP: 8/8
  1258 | D:1      | Reached skill level 3 in Long Blades
  1817 | D:3      | Became a worshipper of Gozag Ym Sagoz the Greedy
  2306 | D:4      | Found a staircase to the Ecumenical Temple.
  2350 | D:4      | Reached XP level 5. HP: 8/38 MP: 9/9
  2400 | D:5      | Entered Level 5 of the Dungeon
  3024 | D:4      | Killed Natasha
  3024 | D:4      | Reached skill level 4 in Long Blades
  3080 | D:4      | Reached XP level 6. HP: 22/44 MP: 10/10
  3401 | D:6      | Found a glowing silver altar of Zin.
  3559 | D:6      | Noticed a slave
  3560 | D:6      | Noticed a slave
  3582 | D:5      | Found a sparkling altar of Nemelex Xobeh.
  3792 | D:5      | Found an ornate altar of the Wu Jian Council.
  3833 | D:5      | Found a sacrificial altar of Ru.
  3841 | D:5      | Reached XP level 7. HP: 44/50 MP: 11/11
  4172 | D:4      | Found Bacwuc's Serpentskin Sales.
  4178 | D:4      | Reached skill level 5 in Long Blades
  4326 | D:4      | Noticed Natasha
  4341 | D:4      | Killed Natasha
  5695 | D:6      | Reached XP level 8. HP: 19/56 MP: 12/12
  6126 | D:8      | Found a shadowy altar of Dithmenos.
  6140 | D:8      | Reached skill level 6 in Long Blades
  6327 | D:8      | Noticed Grum
  6798 | D:7      | Found Xocaj's Book Emporium.
  6870 | D:7      | Noticed a hippogriff
  6873 | D:6      | Noticed Pikel
  6956 | D:6      | Killed Pikel
  6956 | D:6      | Reached skill level 7 in Long Blades
  6956 | D:6      | Reached skill level 5 in Dodging
  7260 | D:6      | Found a deep blue altar of Sif Muna.
  7289 | D:6      | Found a basalt altar of Yredelemnul.
  7347 | D:6      | Reached XP level 9. HP: 19/61 MP: 13/13
  8347 | D:6      | Reached skill level 5 in Armour
  8977 | D:7      | Reached skill level 8 in Long Blades
  9030 | D:7      | Found a radiant altar of Vehumet.
  9480 | D:8      | Found a white marble altar of Elyvilon.
  9576 | D:8      | Noticed Maurice
  9587 | D:8      | Killed Maurice
  9998 | D:8      | Found a hazy altar of Hepliaklqana.
 10011 | D:8      | Noticed Gastronok
 10079 | D:9      | Noticed a red ugly thing
 10086 | D:9      | Reached XP level 10. HP: 43/67 MP: 14/14
 10190 | D:9      | Found a staircase to the Lair.
 10191 | D:9      | Killed from afar by an orc priest

Vault maps used:
D:1:      ncdulo_halloftheorcs, serial_bayou_lagoon_a
D:2:      overflow_temple_1_default
D:3:      lemuel_doored_altar
D:4:      temple_statues, grunt_decor_fettered, guppyfry_shop_venom,
          uniq_natasha
D:5:      cheibrodos_quashed, kennysheep_little_box,
          nemelex_xobeh_ov_fountains_minmay, nicolae_ru_sacrificial_ziggurat,
          first_bread
D:6:      yredelemnul_forgotten_temple_becter, nicolae_overflow_crystal_walls,
          led_sif_pool, uniq_pikel
D:7:      lemuel_crystal_altar, serial_shops, nicolae_shop_waterfront,
          grunt_ogre_cave
D:8:      overflow_temple_1_default, old_standard_altar, kennysheep_mini_moat,
          nicolae_dithmenos_through_a_glass_darkly, uniq_grum, uniq_maurice,
          uniq_gastronok
D:9:      nicolae_xom_altar_mimics, minmay_lair_entry_grove, orc_0_dummy,
          serial_shops, shop, lemuel_oklob_altar

Skill      XL: |  1  2  3  4  5  6  7  8  9 |
---------------+----------------------------+-----
Long Blades    | 2 3 4 5 7 8 |  8.8
Armour         | 1 2 3 4 6 |  6.0
Dodging        | 2 3 4 5 6 |  6.1
Fighting       | |  2.0
Throwing       | |  0.7
Spellcasting   | |  2.7
Translocations | |  2.4

Action                   |  1- 3 |  4- 6 |  7- 9 | 10-12 || total
-------------------------+-------+-------+-------+-------++-------
Melee: Falchion          |   125 |   291 |   635 |    28 ||  1079
Throw: Tomahawk          |       |    14 |    39 |       ||    53
Invok: Potion Petition   |       |     1 |       |       ||     1
Evoke: Wand              |       |       |    24 |       ||    24
  Use: Scroll            |     2 |       |     8 |     2 ||    12
 Stab: Invisible         |       |     1 |       |       ||     1
       Confused          |       |       |     6 |       ||     6
       Distracted        |       |       |       |     1 ||     1
Armor: Leather armour    |    29 |    48 |       |       ||    77
       Ring mail         |       |    55 |   205 |     7 ||   267
Dodge: Dodged            |    91 |   208 |   322 |    12 ||   633
       Rpst.: Falchion   |    36 |    68 |   109 |     2 ||   215
